 Dungeon Crawl Stone Soup version 0.30-b1-2-g02819fbbbe (webtiles) character file.

Game seed: 6309903182068947

211667 Darold the Martial Artist (level 19, -9/180 HPs)
             Began as a Kobold Ice Elementalist on July 24, 2023.
             Was a Priest of Elyvilon.
             Mangled by a +5 glaive of flaming (21 damage)
             ... on level 2 of the Elven Halls on July 25, 2023.
             The game lasted 02:02:51 (53221 turns).

Darold the Martial Artist (KoIE)                   Turns: 53221, Time: 02:02:52

Health: -9/180     AC: 25    Str: 24    XL:     19   Next: 61%
Magic:  0/36       EV: 20    Int: 20    God:    Elyvilon [***...]
Gold:   53         SH:  0    Dex: 20    Spells: 28/44 levels left

rFire   + +          +
                       - Unarmed
rCold   + . .        (no shield)
rNeg    + + .        g - +3 chain mail {rC+}
rPois   .            q - +1 helmet
rElec   +            c - +2 cloak of the Hanged Man {Fly Str+6}
rCorr   .            y - +2 pair of gloves
SInv    .            r - +0 pair of boots
Will    +....        U - amulet "Zyfes" {Spirit rF+ rN+} Stlth
                     z - ring of a Million Ziggurats {Wiz Drain rElec rN+ Int+3}
HPRegen 0.50/turn    F - ring "Itiuhol" {Fly rF++ Str+6 Dex+4}
MPRegen 0.25/turn

%: guardian spirit, wizardry (x1)
@: berserking, flying, studying Fighting, very quick
A: small, no large weapons, nightstalker 3
}: 1/15 runes: serpentine
a: Renounce Religion, Purification, Heal Other, Heal Self


You were on level 2 of the Elven Halls.
You worshipped Elyvilon.
Elyvilon was most pleased with you.
You visited 6 branches of the dungeon, and saw 29 of its levels.
You also visited: Trove, Sewer, Bailey and Ice Cave.

You collected 3960 gold pieces.
You spent 3907 gold pieces at shops.

Inventory:

Missiles
 V - 3 throwing nets
Armour
 c - the +2 cloak of the Hanged Man (worn) {Fly Str+6}
   (You found it in a treasure trove)

   Str:       It affects your strength (+6).
   Fly:       It grants you flight.
 g - a +3 chain mail of cold resistance (worn)
 q - a +1 helmet (worn)
 r - a +0 pair of boots (worn)
 y - a +2 pair of gloves (worn)
Jewellery
 z - the ring of a Million Ziggurats (left hand) {Wiz Drain rElec rN+ Int+3}
   (You acquired it on level 8 of the Dungeon)

   [ring of wizardry]

   It improves your spell success rate.
   Int:       It affects your intelligence (+3).
   rElec:     It insulates you from electricity.
   rN:        It protects you from negative energy.
   Drain:     It drains your maximum health when unequipped.
 E - a ring of poison resistance
 F - the ring "Itiuhol" (right hand) {Fly rF++ Str+6 Dex+4}
   (You bought it in a shop on level 2 of the Elven Halls)

   [ring of strength]

   Str:       It affects your strength (+6).
   Dex:       It affects your dexterity (+4).
   rF:        It greatly protects you from fire.
   Fly:       It grants you flight.
 G - a ring of willpower
 H - a +5 ring of evasion
 U - the amulet "Zyfes" (around neck) {Spirit rF+ rN+}
   (You found it in a treasure trove)

   [amulet of guardian spirit]

   It causes incoming damage to be divided between your reserves of health and
   magic.
   rF:        It protects you from fire.
   rN:        It protects you from negative energy.
Wands
 a - a wand of paralysis (25)
 m - a wand of iceblast (9)
 v - a wand of mindburst (13)
 A - a wand of flame (38)
 I - a wand of digging (16)
Scrolls
 b - 3 scrolls of magic mapping
 f - 5 scrolls of amnesia
 h - 2 scrolls of vulnerability
 j - 3 scrolls of immolation
 l - 8 scrolls of enchant armour
 s - 3 scrolls of silence
 t - a scroll of teleportation
 u - 4 scrolls of fog
 B - 17 scrolls of identify
Potions
 d - a potion of resistance
 e - a potion of curing
 k - 6 potions of mutation
 w - a potion of invisibility
 x - 2 potions of cancellation
 C - 4 potions of haste
 D - 2 potions of brilliance
 K - 3 potions of flight
 L - 3 potions of ambrosia
 M - 5 potions of attraction
 O - 3 potions of heal wounds
Miscellaneous
 o - a box of beasts


   Skills:
 * Level 13.4 Fighting
 * Level 10.0 Armour
 * Level 13.8 Dodging
 + Level 10.8 Stealth
 + Level 2.9 Shields
 * Level 14.4 Unarmed Combat
 + Level 13.0 Spellcasting
 + Level 6.8 Summonings
 * Level 7.9 Transmutations
 + Level 12.5 Ice Magic
 * Level 11.9 Invocations
 + Level 1.0 Evocations


You had 28 spell levels left.
You knew the following spells:

 Your Spells              Type           Power      Damage    Failure   Level
a - Freeze                Ice            100%       1d10      1%          1
b - Frozen Ramparts       Ice            100%       1d16      1%          3
c - Ozocubu's Armour      Ice            59%        N/A       1%          3
d - Summon Ice Beast      Ice/Summ       51%        N/A       1%          4
e - Blade Hands           Tmut           22%        N/A       10%         5

Your spell library contained the following spells:

 Spells                   Type           Power      Damage    Failure   Level
 Beastly Appendage        Tmut           88%        N/A       1%          1
 Wereblood                Tmut           44%        N/A       1%          2
 Passwall                 Tmut/Erth      23%        N/A       2%          2
 Spider Form              Tmut/Pois      28%        N/A       5%          3
 Sandblast                Erth           26%        2d8       9%          1
 Static Discharge         Conj/Air       26%        2-4/arc   13%         2
 Metabolic Englaciation   Hex/Ice        19%        N/A       17%         5
 Summon Lightning Spire   Summ/Air       26%        N/A       21%         4
 Portal Projectile        Hex/Tloc       26%        N/A       26%         3
 Stone Arrow              Conj/Erth      26%        3d8       26%         3
 Tukima's Dance           Hex            13%        N/A       26%         3
 Vhi's Electric Charge    Tloc/Air       26%        N/A       26%         3
 Airstrike                Air            6%         2d(1-17)  61%         4
 Anguish                  Hex/Necr       6%         N/A       61%         4
 Simulacrum               Ice/Necr       19%        N/A       65%         6
 Arcjolt                  Conj/Air       6%         1d16      90%         5
 Plasma Beam              Fire/Air       6%         2x1d18    100%        6
 Enfeeble                 Hex            6%         N/A       100%        7


Dungeon Overview and Level Annotations

Branches:
Dungeon (15/15)            Temple (1/1) D:5            Lair (5/5) D:8
 Shoals (0/4) Lair:2        Snake (4/4) Lair:2        Slime (0/5) Lair:5
    Orc (2/2) D:9             Elf (2/3) Orc:2        Vaults (0/5) D:13
 Depths (0/4) D:15          Sewer (visited)          Bailey (visited)
  IceCv (visited)

Altars:
Ashenzari
Cheibriados
Elyvilon
Gozag
Okawaru
Qazlal
Sif Muna
Trog
Uskayaw
Vehumet
Yredelemnul
Zin
Lugonu

Shops:
D:9 [(   D:12 [   Orc:2 ([!*   Elf:1 =:=(   Elf:2 (!=![   Snake:4 :

Portals:
Abyss: Lair:5

Annotations:
D:10 3 runed translucent doors, rinqtmith's ghost, novice TrFi
Snake:1 Roxanne
Elf:1 3 runed translucent doors


Innate Abilities, Weirdness & Mutations

You are small and have problems with some larger weapons.
You are completely attuned to the shadows.


Message History

The +1 mace of protection hits you! The +0 vampiric quick blade hits you.
The +5 glaive of flaming hits you from afar!
* * * LOW HITPOINT WARNING * * *
The +1 mace of protection closely misses you.
The +0 vampiric quick blade misses you.
Okay, then.
You are healed.
The +0 vampiric quick blade misses you.
The +5 glaive of flaming hits you from afar!!
The +5 glaive of flaming burns you.
The +1 mace of protection completely misses you.
The +0 vampiric quick blade completely misses you.
A red film seems to cover your vision as you go berserk!
You feel yourself moving faster!
You feel mighty!
The +0 vampiric quick blade closely misses you.
The +1 mace of protection hits you.
The +5 glaive of flaming hits you from afar!!
* * * LOW HITPOINT WARNING * * *
The +5 glaive of flaming burns you.
* * * LOW HITPOINT WARNING * * *
The +0 vampiric quick blade completely misses you.
The +1 mace of protection hits you but does no damage.
The +5 glaive of flaming misses you.
You miss the +0 vampiric quick blade.
The +0 vampiric quick blade closely misses you.
The +1 mace of protection hits you!
* * * LOW HITPOINT WARNING * * *
You shred the +0 vampiric quick blade!!!
The +0 vampiric quick blade falls from the air.
Your hands revert to their normal proportions.
Your +2 pair of gloves unmelds from your body.
The +5 glaive of flaming hits you from afar!
* * * LOW HITPOINT WARNING * * *
The +1 mace of protection hits you but does no damage.
You closely miss the +1 mace of protection.
A deep elf knight comes into view. It is wielding a +0 long sword.
You pummel the +1 mace of protection!!
The +1 mace of protection is almost destroyed.
The +1 mace of protection closely misses you.
The +5 glaive of flaming hits you from afar!!
You die...

##..........###.
#.................
#..................
#..........).......
##...^...#.......e.
##.....###.........
##...## ##....(...
##### ###()....
#######@).... #####
##.......'....
....#
##..⌠.....##...
##### ##.........#
... ##..........# .
# ##...........# ##
#..........⌠.# .##
#............# ..#
#⌠...)......##


You could see a deep elf knight and 2 dancing weapons.

Vanquished Creatures
  Vashnia (Snake:3)
  Rupert (D:13)
  Asterion (Snake:1)
  3 nagarajas (Snake:4)
  2 deep elf sorcerers
  2 deep elf annihilators (Elf:1)
  Azrael (Elf:1)
  The ghost of Quercus the Geomancer, a journeyman GrEE of Okawaru (Orc:1)
  A merfolk javelineer (Orc:1)
  A ragged hierophant (Elf:1)
  2 hydras
  Harold (D:9)
  A vault guard (D:13)
  3 salamander tyrants
  An entropy weaver (shapeshifter) (Lair:5)
  17 anacondas
  An ogre mage (D:15)
  8 naga warriors
  5 two-headed ogres
  2 centaur warriors
  5 death yaks
  A boulder beetle (Lair:4)
  14 dancing weapons
  5 tengu warriors
  2 orc high priests (Orc:1)
  Sonja (Lair:1)
  Nergalle (Orc:1)
  3 thrashing horrors (Lair:5)
  6 shock serpents
  10 deep elf knights
  10 naga sharpshooters
  Amaemon (D:9)
  2 sea snakes (Snake:4)
  A salamander mystic (Snake:4)
  5 naga ritualists
  A necromancer (D:13)
  14 deep elf archers
  19 deep elf zephyrmancers
  2 wizards
  3 orc knights
  18 deep elf pyromancers
  14 mana vipers
  5 cyclopes
  2 orc sorcerers
  17 ugly things
  5 salamanders
  2 guardian serpents
  2 manticores (D:12)
  A smoke demon (Lair:5)
  24 black mambas
  3 elephants (Lair:3)
  7 naga magi
  4 cane toads
  An ice statue (IceCv)
  A water nymph (Lair:2)
  An orange demon (D:9)
  6 rime drakes
  Maggie (D:10)
  Psyche (D:8)
  A kobold demonologist (D:13)
  4 gargoyles
  9 komodo dragons
  A freezing wraith (D:15)
  An ancient zyme (Lair:5)
  10 polar bears
  3 saltlings (Elf:1)
  11 trolls
  10 blink frogs
  6 dream sheep (Lair:5)
  4 slime creatures (D:12)
  Sigmund (D:2)
  A shadow (D:10)
  3 air elementals
  A vampire (D:12)
  A wyvern (Lair:3)
  2 ynoxinuls (Lair:5)
  4 fire elementals (Elf:1)
  14 humans (D:13)
  A water elemental (Elf:1)
  5 wraiths
  42 yaks
  4 basilisks
  3 steam dragons (D:7)
  5 vampire mosquitoes
  2 wargs
  2 acid dragons (D:11)
  31 nagas
  4 hell hounds (Elf:1)
  8 water moccasins
  Pargi (Sewer)
  11 small abominations (Lair:5)
  A floating eye (D:12)
  4 ice beasts
  2 sky beasts
  46 orc warriors
  A black bear (D:5)
  4 boggarts
  7 ogres
  22 wolves
  14 centaurs
  A phantom (D:7)
  A kobold brigand (D:13)
  2 nameless horrors
  7 bullfrogs
  2 earth elementals (Elf:1)
  3 scorpions
  3 wights
  18 killer bees
  3 howler monkeys (D:9)
  A gnoll bouda (D:8)
  21 orc priests
  2 hounds (D:5)
  3 jellies
  Crazy Yiuf (D:6)
  3 iguanas
  20 orc wizards
  4 hell rats (Lair:3)
  Robin (D:4)
  19 gnolls
  8 adders
  2 worms
  A dart slug (D:11)
  90 orcs
  8 bats
  9 endoplasms
  4 giant cockroaches
  20 goblins
  15 hobgoblins
  11 jackals
  17 kobolds
  10 quokkas
  11 ball pythons
  8 frilled lizards
912 creatures vanquished.

Vanquished Creatures (collateral kills)
  A nagaraja (Snake:4)
  An orc warlord (Orc:2)
  A merfolk javelineer (Orc:1)
  A vault guard (D:13)
  3 hydras
  4 anacondas
  A death knight (D:15)
  A centaur warrior (D:14)
  A naga warrior (Snake:1)
  A death yak (Lair:3)
  A boulder beetle (D:15)
  An orc high priest (Orc:1)
  A thrashing horror (Lair:5)
  2 shock serpents
  6 naga sharpshooters
  A naga ritualist (Snake:1)
  A deep elf pyromancer (Elf:1)
  2 mana vipers
  3 ugly things (D:14)
  3 salamanders
  A manticore (D:13)
  A cyclops (D:13)
  2 slime creatures
  2 black mambas
  3 naga magi (Snake:3)
  2 cane toads (Lair:5)
  A smoke demon (Lair:5)
  A kobold demonologist (D:13)
  2 komodo dragons
  A rime drake (Lair:2)
  2 ancient zymes (Lair:5)
  3 polar bears
  A troll (D:12)
  10 blink frogs
  A dream sheep (Lair:5)
  A jumping spider (shapeshifter) (Lair:5)
  2 spriggans (Lair:5)
  A ynoxinul (Lair:5)
  4 humans (D:13)
  2 wraiths (D:12)
  A large abomination (Lair:5)
  6 yaks
  5 basilisks
  A basilisk (shapeshifter) (D:14)
  A warg (Orc:1)
  3 vampire mosquitoes
  3 nagas
  An acid dragon (D:13)
  2 water moccasins
  8 orc warriors
  An ice beast (D:8)
  2 small abominations (Lair:5)
  3 ogres
  A boggart (D:14)
  3 centaurs
  A bullfrog (Lair:3)
  A wight (D:8)
  2 killer bees (D:11)
  4 orc priests
  11 orc wizards
  A shadow imp (D:8)
  21 orcs
  A hobgoblin (Bailey)
  A kobold (D:13)
163 creatures vanquished.

Vanquished Creatures (others)
  2 fire dragons (D:15)
  An anaconda (Snake:4)
  2 deep elf knights (Elf:2)
  2 deep elf zephyrmancers
  A wizard (D:13)
  A guardian serpent (Snake:2)
  A vampire mosquito (D:13)
  A wolf (IceCv)
  A boggart (D:15)
  A kobold brigand (D:10)
  13 fungi
  9 plants
35 creatures vanquished.

Grand Total: 1110 creatures vanquished

Notes
Turn   | Place    | Note
-------+----------+-------------------------------------------
     0 | D:1      | Darold the Kobold Ice Elementalist began the quest for the
                  | Orb.
     0 | D:1      | Reached XP level 1. HP: 10/10 MP: 3/3
   157 | D:1      | Reached XP level 2. HP: 16/16 MP: 3/5
   807 | D:1      | Reached XP level 3. HP: 20/20 MP: 3/6
   928 | D:1      | Learned a level 3 spell: Frozen Ramparts
   936 | D:1      | Reached skill level 1 in Fighting
  1329 | D:2      | Noticed a scorpion
  1334 | D:2      | Killed a scorpion
  1335 | D:2      | Reached skill level 1 in Unarmed Combat
  1335 | D:2      | Reached XP level 4. HP: 19/25 MP: 0/8
  1424 | D:2      | Learned a level 3 spell: Ozocubu's Armour
  1665 | D:2      | Reached XP level 5. HP: 29/29 MP: 5/9
  2239 | D:2      | Noticed Sigmund
  2246 | D:2      | Killed Sigmund
  2247 | D:2      | Reached skill level 5 in Ice Magic
  2247 | D:2      | Reached XP level 6. HP: 35/35 MP: 2/11
  2413 | D:3      | Learned a level 4 spell: Summon Ice Beast
  2930 | D:3      | Found a faded altar of an unknown god.
  3915 | D:4      | Noticed Robin
  3935 | D:4      | Killed Robin
  3936 | D:4      | Reached XP level 7. HP: 35/40 MP: 8/12
  4019 | D:4      | Reached skill level 2 in Unarmed Combat
  4691 | D:5      | Entered Level 5 of the Dungeon
  4809 | D:5      | Found a staircase to the Ecumenical Temple.
  4836 | Temple   | Entered the Ecumenical Temple
  5024 | Temple   | Became a worshipper of Elyvilon the Healer
  5298 | D:5      | Reached skill level 5 in Stealth
  5298 | D:5      | Reached skill level 1 in Summonings
  5429 | D:5      | Reached XP level 8. HP: 38/45 MP: 6/14
  5663 | D:5      | Found a bloodstained altar of Trog.
  5820 | D:6      | Reached skill level 1 in Armour
  5833 | D:6      | Found a glowing drain.
  5839 | Sewer    | Entered a sewer
  5965 | Sewer    | Noticed Pargi
  5971 | Sewer    | Killed Pargi
  5972 | Sewer    | Reached skill level 1 in Invocations
  6182 | D:6      | Reached * piety under Elyvilon
  6341 | D:6      | Found a runed translucent door.
  6344 | D:6      | Noticed Crazy Yiuf
  7025 | D:6      | Reached skill level 5 in Spellcasting
  7030 | D:6      | Reached skill level 3 in Unarmed Combat
  7030 | D:6      | Reached XP level 9. HP: 47/51 MP: 2/16
  7272 | D:6      | Killed Crazy Yiuf
  7462 | D:6      | Reached skill level 5 in Dodging
  7639 | D:7      | Found a flagged portal.
  7645 | Bailey   | Entered a bailey
  8557 | Bailey   | Reached XP level 10. HP: 58/58 MP: 3/19
  8625 | Bailey   | Noticed an orc warlord
  8857 | D:7      | Reached ** piety under Elyvilon
  8899 | D:7      | Reached skill level 4 in Unarmed Combat
  9141 | D:7      | Reached skill level 5 in Fighting
 10442 | D:8      | Acquired the ring of a Million Ziggurats {Wiz Drain rElec
                  | rN+ Int+3}
 10807 | D:8      | Noticed Psyche
 10816 | D:8      | Killed Psyche
 10822 | D:8      | Reached skill level 5 in Unarmed Combat
 11120 | D:8      | Reached *** piety under Elyvilon
 11229 | D:8      | Found a staircase to the Lair.
 11340 | D:8      | Reached XP level 11. HP: 54/64 MP: 10/21
 11949 | D:9      | Found Haohenn's Armour Emporium.
 11951 | D:9      | Found a staircase to the Orcish Mines.
 11953 | D:9      | Found Sihaa's Weapon Emporium.
 11969 | D:9      | Bought a +2 chain mail of fire resistance for 279 gold
                  | pieces
 12035 | D:9      | Noticed Harold
 12153 | D:9      | Noticed Amaemon
 12166 | D:9      | Killed Amaemon
 12167 | D:9      | Reached skill level 1 in Shields
 12977 | D:10     | Entered Level 10 of the Dungeon
 13023 | D:10     | Found a runed translucent gate.
 13024 | D:10     | Found a runed translucent gate.
 13025 | D:10     | Noticed rinqtmith's ghost (novice TrFi)
 13026 | D:10     | Found a runed translucent gate.
 13330 | D:10     | Noticed Maggie
 13350 | D:10     | Killed Maggie
 13539 | D:10     | Reached **** piety under Elyvilon
 14236 | D:11     | Noticed a cyclops
 14249 | D:11     | Killed a cyclops
 14489 | D:10     | Reached skill level 5 in Invocations
 14754 | D:11     | Reached skill level 6 in Unarmed Combat
 14757 | D:11     | Reached XP level 12. HP: 69/71 MP: 13/24
 15631 | D:11     | Found a snail-covered altar of Cheibriados.
 16243 | D:9      | Killed Harold
 16293 | Lair:1   | Entered Level 1 of the Lair of Beasts
 16293 | Lair:1   | Noticed Sonja
 16296 | Lair:1   | Killed Sonja
 16313 | Lair:1   | Reached skill level 5 in Summonings
 17130 | Lair:2   | Reached ***** piety under Elyvilon
 17840 | Lair:2   | Noticed a skyshark
 17843 | Lair:2   | Pacified a skyshark
 17844 | Lair:2   | Reached skill level 7 in Unarmed Combat
 17964 | Lair:2   | Found a staircase to the Snake Pit.
 18709 | Lair:3   | Identified the +0 scale mail of Seotz {rN+ Will+}
 18735 | Lair:3   | Found a frozen archway.
 18751 | Lair:3   | Reached XP level 13. HP: 47/76 MP: 11/26
 18760 | IceCv    | Entered an ice cave
 18889 | IceCv    | Reached skill level 10 in Stealth
 19323 | IceCv    | Reached skill level 5 in Armour
 19933 | IceCv    | Reached skill level 8 in Unarmed Combat
 20466 | IceCv    | Noticed an ironbound frostheart
 20466 | IceCv    | Noticed an ironbound frostheart
 21665 | Lair:3   | Reached XP level 14. HP: 29/84 MP: 9/27
 21859 | Lair:3   | Reached skill level 10 in Ice Magic
 22420 | Lair:4   | Reached skill level 10 in Spellcasting
 22647 | Lair:4   | Reached skill level 9 in Unarmed Combat
 23253 | Lair:5   | Entered Level 5 of the Lair of Beasts
 23637 | Lair:5   | Reached skill level 10 in Dodging
 24145 | Lair:5   | Found a staircase to the Slime Pits.
 25579 | Lair:5   | Learned a level 5 spell: Blade Hands
 25835 | Lair:5   | Reached skill level 1 in Transmutations
 25835 | Lair:5   | Reached XP level 15. HP: 49/91 MP: 21/29
 26510 | Lair:5   | Found a corrupted altar of Lugonu.
 26512 | Lair:5   | Found a one-way gate to the infinite horrors of the Abyss.
 28129 | D:12     | Found Ajiupob's Armour Emporium.
 28210 | D:12     | Paralysed by a floating eye for 4 turns
 28214 | D:12     | Reached skill level 10 in Unarmed Combat
 28683 | D:13     | Noticed Rupert
 29600 | D:13     | Found a gate to the Vaults.
 29771 | D:13     | Paralysed by Rupert for 4 turns
 29781 | D:13     | Killed Rupert
 29976 | D:13     | Reached skill level 10 in Fighting
 30736 | D:14     | Reached XP level 16. HP: 93/97 MP: 21/30
 30930 | D:14     | Found an opulent altar of Gozag.
 31775 | D:15     | Entered Level 15 of the Dungeon
 32128 | D:15     | Reached skill level 11 in Unarmed Combat
 32501 | D:15     | Reached skill level 1 in Evocations
 32884 | D:15     | Found a portal to a secret trove of treasure.
 32887 | D:15     | You paid a toll of 4 potions of resistance to enter a
                  | treasure trove
 32888 | Trove    | Entered a treasure trove
 32895 | Trove    | Identified the +2 cloak of the Hanged Man {Fly Str+6}
 32908 | Trove    | Identified the ring "Cebufu" {Fire rCorr}
 32910 | Trove    | Identified the +10 double sword of Alikleesh {heavy, rElec
                  | rF++ Will- Str+3}
 32915 | Trove    | Identified the amulet "Zyfes" {Spirit rF+ rN+}
 33416 | D:15     | Found a staircase to the Depths.
 33853 | Orc:1    | Entered Level 1 of the Orcish Mines
 34175 | Orc:1    | Found a shimmering blue altar of Sif Muna.
 34276 | Orc:2    | Entered Level 2 of the Orcish Mines
 34512 | Orc:2    | Found a staircase to the Elven Halls.
 35480 | Orc:2    | Found Bucsugadd's Distillery.
 35514 | Orc:2    | Bought a potion of mutation for 136 gold pieces
 35514 | Orc:2    | Bought a potion of invisibility for 136 gold pieces
 35514 | Orc:2    | Bought 2 potions of curing for 102 gold pieces
 35514 | Orc:2    | Bought a potion of berserk rage for 85 gold pieces
 35514 | Orc:2    | Bought a potion of might for 68 gold pieces
 35708 | Orc:2    | Found Pozo's Antique Armour Shoppe.
 35708 | Orc:2    | Found Huqop's Antique Weapon Emporium.
 35739 | Orc:2    | Bought a runed chain mail for 157 gold pieces
 35861 | Orc:2    | Found Xahaz's Assorted Antiques.
 35959 | Orc:1    | Noticed Nergalle
 36070 | Orc:1    | Killed Nergalle
 36430 | Orc:1    | Found a runed translucent gate.
 36430 | Orc:1    | Found a runed translucent gate.
 36430 | Orc:1    | Found a runed translucent gate.
 36604 | Orc:1    | Noticed Quercus's ghost (journeyman GrEE)
 37178 | Orc:1    | Found an iron altar of Okawaru.
 37261 | Orc:1    | Killed Quercus's ghost
 37262 | Orc:1    | Reached skill level 5 in Transmutations
 37534 | Elf:1    | Entered Level 1 of the Elven Halls
 37534 | Elf:1    | Found a runed translucent gate.
 37534 | Elf:1    | Found a runed translucent gate.
 37534 | Elf:1    | Found a runed translucent gate.
 37534 | Elf:1    | Found a runed translucent gate.
 37534 | Elf:1    | Found a runed translucent gate.
 37534 | Elf:1    | Found a runed translucent gate.
 37644 | Snake:1  | Entered Level 1 of the Snake Pit
 37658 | Snake:1  | Reached XP level 17. HP: 40/103 MP: 1/32
 37868 | Snake:1  | Noticed Asterion
 37930 | Snake:1  | Noticed Roxanne
 37985 | Snake:1  | Reached skill level 10 in Invocations
 38526 | Snake:1  | Killed Asterion
 40599 | Snake:2  | Reached skill level 12 in Unarmed Combat
 42614 | Snake:3  | Noticed Vashnia
 44095 | Snake:3  | Found a glowing silver altar of Zin.
 45049 | Snake:4  | Entered Level 4 of the Snake Pit
 45543 | Snake:4  | Reached XP level 18. HP: 74/110 MP: 23/34
 45678 | Snake:4  | Found Offomila's Book Shop.
 45683 | Snake:4  | Bought a manual of Fighting for 1520 gold pieces
 48395 | Snake:4  | Reached skill level 13 in Unarmed Combat
 48652 | Snake:4  | Elyvilon protects you from harm!
 49006 | Snake:4  | Got a serpentine rune of Zot
 49340 | Snake:3  | Killed Vashnia
 49691 | Elf:1    | Found a runed translucent door.
 50148 | Elf:1    | Found a runed translucent door.
 50257 | Elf:1    | Reached XP level 19. HP: 36/118 MP: 8/35
 50482 | Elf:1    | Noticed Azrael
 50492 | Elf:1    | Killed Azrael
 50868 | Elf:1    | Found Manetouruh's Weapon Boutique.
 51059 | Elf:1    | Paralysed by an air elemental for 1 turns
 51142 | Elf:1    | Found Kaef's Jewellery Shoppe.
 51142 | Elf:1    | Found Kafed's Jewellery Shoppe.
 51143 | Elf:1    | Found Ubidesh's Book Shop.
 51157 | Elf:1    | Bought a ring of poison resistance for 300 gold pieces
 51716 | Elf:2    | Found Guream's Jewellery Emporium.
 51726 | Elf:2    | Paralysed by an air elemental for 1 turns
 52014 | Elf:2    | Bought the ring "Itiuhol" {Fly rF++ Str+6 Dex+4} for 994
                  | gold pieces
 52048 | Elf:2    | Reached skill level 14 in Unarmed Combat
 52248 | Elf:2    | Found a runed translucent gate.
 52249 | Elf:2    | Found a runed translucent gate.
 52249 | Elf:2    | Found a runed translucent gate.
 52270 | Elf:2    | Found Viucvyaf's Distillery.
 52485 | Elf:2    | Found Wahefe's Antique Armour Shoppe.
 52515 | Elf:2    | Bought a potion of haste for 130 gold pieces
 52750 | Elf:2    | Found Ceqycway's Distillery.
 52766 | Elf:2    | Found Ecvoxto's Antique Weapon Emporium.
 52889 | Elf:2    | Reached skill level 10 in Armour
 52911 | Elf:2    | Noticed a deep elf blademaster
 53221 | Elf:2    | Mangled by a +5 glaive of flaming

Illustrated notes

Levels and vault maps discovered:
D:1:      dpeg_arrival_stonehenge_8_columns, layout_basic
D:2:      layout_basic, uniq_sigmund
D:3:      layout_loops_corners, shapermc_ecumenical_altar_mp_highgroup
D:4:      layout_rooms, kennysheep_generic_room_5, uniq_robin
D:5:      layout_rooms, trog_antimagical, minmay_temple_entry_large_hall
D:6:      layout_basic, portal_sewer_entry_f, uniq_crazy_yiuf_cottage
D:7:      layout_cave_pools, enter_bailey_1
D:8:      layout_gridville, lair_entry_dummy, minmay_door_square, uniq_psyche
D:9:      layout_rooms, orc_david_3, uniq_amaemon, uniq_harold
D:10:     layout_gridville, gammafunk_ghost_nasty_kobolds, minivault_16,
          uniq_maggie
D:11:     layout_basic, kennysheep_slug_shrine
D:12:     layout_roguey, serial_shops, nicolae_shop_pleasant_corner_grove,
          onia_ninara_cookie
D:13:     layout_roguey, grunt_vaults_entry_tiered, uniq_rupert
D:14:     layout_long_grid, grunt_gozag_breadcrumbs
D:15:     grunt_enter_depths_hoard, layout_long_grid, palyth_stone_intersect,
          trove_entry_hex_spiral, grunt_ministairs_2
Temple:   mainiacjoe_temple_circle_huts
Lair:1:   layout_misc_corridors, serial_bayou_pond_c, uniq_sonja
Lair:2:   layout_hall_layers, nicolae_shoals_entry_flooding,
          minmay_snake_entry_guardpost_small
Lair:3:   layout_long_grid, portal_ice_cave_rime, grunt_megastairs_2
Lair:4:   layout_loops_ring, grunt_forest_small_clearing_treed
Lair:5:   hellmonk_lair_end_abyssal_woods, layout_long_grid,
          dpeg_slime_entry_corner, st_stairs_3, serial_bayou_shore_b
Snake:1:  layout_misc_corridors, uniq_asterion, uniq_roxanne
Snake:2:  layout_honeycomb, nicolae_triple_integral
Snake:3:  layout_cave_town, basic_altar, hangedman_snake_corridor_cut,
          grunt_megastairs_1, uniq_vashnia
Snake:4:  grunt_snake_rune_serpentine_throne, layout_basic, serial_shops,
          nicolae_shop_peninsula, nicolae_snake_springs, grunt_megastairs_5,
          serial_bayou_shore_b
Orc:1:    layout_caves, gammafunk_ghost_fury_of_okawaru, basic_altar,
          kennysheep_orc_sif_temple, uniq_nergalle
Orc:2:    grunt_orc_community_town_hall, layout_caves,
          grunt_orc_community_big_house_1, grunt_orc_community_big_house_1,
          grunt_orc_community_house_3, grunt_orc_community_house_3,
          grunt_orc_community_house_3, grunt_orc_community_house_3
Elf:1:    nicolae_elf_arrival_dilemma, layout_geoelf_octagon, serial_shops,
          nicolae_square_shop, portal_desolation_entry_nicolae_nacl,
          minivault_28, minmay_shop_grove, uniq_azrael
Elf:2:    nicolae_elf_blades_crystal_corner, layout_gridlike, serial_shops,
          nicolae_shop_tiny_glass, nicolae_shop_industrial_runoff,
          nicolae_shop_getting_attention, nicolae_shop_hallway_plus, shop

Skill      XL: |  1  2  3  4  5  6  7  8  9 10 11 12 13 14 15 16 17 18 19 |
---------------+----------------------------------------------------------+-----
Fighting       | 1 2 3 4 5 6 7 8 9 10 11 12 13 | 13.4
Dodging        | 3 4 5 6 7 8 9 10 11 12 13 | 13.8
Stealth        | 3 4 5 6 7 8 9 10 | 10.8
Unarmed Combat | 1 2 3 5 6 7 8 9 10 11 12 13 14 | 14.4
Spellcasting   | 3 4 5 6 7 8 9 10 11 12 13 | 13.0
Ice Magic      | 5 6 7 8 9 10 11 12 | 12.5
Summonings     | 1 3 4 5 6 |  6.8
Armour         | 1 2 3 4 5 6 7 8 9 10 | 10.0
Invocations    | 1 3 4 5 6 8 9 10 11 | 11.9
Shields        | 1 2 |  2.9
Transmutations | 1 3 5 6 7 |  7.9
Evocations     | 1 |  1.0

Action                     |  1- 3 |  4- 6 |  7- 9 | 10-12 | 13-15 | 16-18 | 19-21 || total
---------------------------+-------+-------+-------+-------+-------+-------+-------++-------
  Melee: Unarmed           |     9 |    26 |    87 |   399 |   914 |  1349 |   192 ||  2976
         Punch             |       |       |       |    15 |    85 |   138 |    18 ||   256
   Cast: Freeze            |    40 |    71 |   179 |   111 |     3 |    30 |       ||   434
         Frozen Ramparts   |     2 |     9 |    22 |    54 |    70 |    92 |       ||   249
         Ozocubu's Armour  |       |     2 |    29 |    76 |   107 |    90 |       ||   304
         Summon Ice Beast  |       |       |     3 |    56 |    97 |   130 |       ||   286
         Blade Hands       |       |       |       |       |       |    16 |    22 ||    38
 Invoke: Heal Other        |       |       |       |     6 |    21 |    12 |     1 ||    40
         Heal Self         |       |       |       |     1 |    14 |    12 |     2 ||    29
         Purification      |       |       |       |       |     2 |     5 |     1 ||     8
  Evoke: Wand              |       |       |       |     3 |     5 |     5 |       ||    13
         Box of beasts     |       |       |       |       |     1 |     1 |       ||     2
    Use: Potion            |       |     1 |     5 |     3 |     7 |    24 |     4 ||    44
         Scroll            |       |       |    16 |    12 |    10 |    14 |     4 ||    56
   Stab: Sleeping          |       |       |     3 |     6 |     3 |     7 |       ||    19
         Distracted        |       |       |       |     1 |    16 |    15 |       ||    32
         Invisible         |       |       |       |       |       |    10 |     4 ||    14
         Paralysed         |       |       |       |       |       |     1 |       ||     1
 Armour: Robe              |     3 |    11 |       |       |       |       |       ||    14
         Leather armour    |       |       |    56 |   181 |   108 |       |       ||   345
         Animal skin       |       |       |     5 |       |       |       |       ||     5
         Skin              |       |       |    10 |       |       |       |       ||    10
         Chain mail        |       |       |       |       |   357 |   570 |    85 ||  1012
  Dodge: Dodged            |    26 |    44 |   168 |   531 |   702 |  1025 |   138 ||  2634
  Block: Other             |       |       |    46 |   149 |   268 |    37 |       ||   500
         Reflection        |       |       |       |    11 |     8 |     7 |       ||    26
